 Dungeon Crawl Stone Soup version 0.26-a0-651-gb41185065b (webtiles) character file.

Game seed: 16158722145426312714

(classic levelgen) 10017 EnegeticOcto the Cleaver (level 11, 0/97 HPs)
             Began as a Deep Dwarf Delver on Oct 24, 2020.
             Was a Believer of Ru.
             Slain by an ogre
             ... wielding a cursed -1 giant club
              (4 damage)
             ... on level 2 of the Orcish Mines.
             The game lasted 00:18:07 (2241 turns).

EnegeticOcto the Cleaver (Deep Dwarf Delver)        Turns: 2241, Time: 00:18:08

Health: 0/97       AC: 10    Str: 17      XL:     11   Next: 30%
Magic:  8/8        EV: 13    Int: 12 (13) God:    Ru [**....]
Gold:   349        SH: 11    Dex: 14      Spells: 20/20 levels left

rFire    . . .     SeeInvis +   L - +1 war axe (elec)
rCold    . . .     Faith    .   D - +0 kite shield
rNeg     . . .     Spirit   .   A - +3 ring mail of Syndicalism {+Inv Regen+}
rPois    .         Reflect  .   (no helmet)
rElec    .         Harm     .   n - +0 cloak
rCorr    .         Rampage  .   r - +0 pair of gloves {archery}
MR       +....                  (no boots)
Stlth    +++.......             (no amulet)
HPRegen  0.00/turn              v - ring of see invisible
MPRegen  0.11/turn              y - +4 ring of evasion

@: lethally poisoned (0 -> -3), no potions, non-regenerating
A: damage resistance, heal wounds, sense surroundings 2, inability to drink
while threatened, inability to train dodging, no regeneration
a: Heal Wounds, Renounce Religion, Evoke Invisibility


You were on level 2 of the Orcish Mines.
You worshipped Ru.
Ru was pleased with you.
You visited 3 branches of the dungeon, and saw 12 of its levels.

You collected 349 gold pieces.

Inventory:

Hand Weapons
 a - a +0 hand axe
 o - a +1 flail of protection
 w - a +0 war axe
 B - a +0 scimitar of flaming
 H - a +0 vampiric war axe
 L - a +1 war axe of electrocution (weapon)
Missiles
 I - 3 throwing nets (quivered)
 K - 14 poisoned darts
Armour
 b - a +0 leather armour
 n - a +0 cloak (worn)
 r - a +0 pair of gloves of archery (worn)
 s - a +0 tower shield
 A - the +3 ring mail of Syndicalism (worn) {+Inv Regen+}
   (You found it on level 8 of the Dungeon)

   It lets you turn invisible.
   It increases your rate of regeneration.
 D - a +0 kite shield (worn)
Jewellery
 v - a ring of see invisible (left hand)
 y - a +4 ring of evasion (right hand)
 F - an uncursed ring of ice
Wands
 g - a wand of digging (3) {@v3}
 h - a wand of iceblast (19) {@v2}
 p - a wand of flame (6)
 q - a wand of paralysis (5)
 z - a wand of enslavement (8)
Scrolls
 c - a scroll of fog
 e - a scroll of fear
 j - a scroll of teleportation {@r3}
 k - 2 scrolls of remove curse {@r2}
 u - a scroll of immolation {@r4}
 C - 2 scrolls of blinking
Potions
 d - a potion of flight {unknown}
 f - a potion of haste {@q4}
 i - 2 potions of might {unknown}
 l - 2 potions of lignification
 m - a potion of resistance {unknown}
 t - a potion of berserk rage {unknown}
 x - 2 potions of curing {@q1}
 E - 2 potions of degeneration
 G - a potion of experience {unknown}


   Skills:
 - Level 6.0 Fighting
 * Level 14.1 Axes
 - Level 6.0 Stealth
 + Level 8.6 Shields
 - Level 5.0 Spellcasting
 - Level 3.0 Evocations


You had 20 spell levels left.
You didn't know any spells.
Your spell library was empty.

Dungeon Overview and Level Annotations

Branches:
Dungeon (12/15)            Temple (1/1) D:5             Orc (2/2) D:12
   Lair: D:8-11         Elf: Orc:2

Altars:
Ashenzari
Cheibriados
Dithmenos
Elyvilon
Fedhas
Hepliaklqana
Kikubaaqudgha
Makhleb
Nemelex Xobeh
Okawaru
Qazlal
Ru
Sif Muna
Trog
Uskayaw
Vehumet
Wu Jian
Xom
Yredelemnul
Zin
The Shining One

Shops:
D:9 [   Orc:2 ?

Annotations:
D:8 exclusion: obsidian statue


Innate Abilities, Weirdness & Mutations

You are resistant to damage.
You can heal yourself by infusing magical energy.
You passively map the area around you.
You cannot drink potions while threatened.
You cannot train Dodging skill.
You do not regenerate.


Message History

You barely miss the sun demon. You block the gnoll's attack.
The orc high priest is stunned by your will and fails to attack.
The ogre barely misses you. You block the gnoll's attack. The gnoll misses you.
The orc sorcerer gestures at you while chanting.
You resist with almost no effort. The gnoll barely misses you.
The stone giant throws a large rock.
The large rock barely misses you.
The large rock barely misses the ogre.
The large rock hits the gnoll!!!
The gnoll dies!
The hellwing hits you but does no damage.
The hellwing closely misses you. The neqoxec gestures at you.
You feel dopey. Something feeds on your intellect!
The gnoll hits you from afar with a +0 spear.
You slash the orc high priest!
Lightning courses through the orc high priest!!
The orc high priest is almost dead.
You barely miss the sun demon. You hit the hellwing but do no damage.
Lightning courses through the hellwing! You hit the ogre but do no damage.
You completely miss the quasit. You block the sun demon's attack.
The orc high priest hits you but does no damage.
The gnoll closely misses you. You block the gnoll's attack.
The red devil hits you but does no damage.
The quasit is stunned by your will and fails to attack.
The ogre is stunned by your will and fails to attack.
The gnoll closely misses you. The hellwing misses you.
The hellwing hits you but does no damage.
You slash the orc high priest!
You kill the orc high priest!
The neqoxec disappears in a puff of smoke!
The quasit disappears in a puff of smoke!
The sun demon disappears in a puff of smoke!
The hellwing disappears in a puff of smoke!
You hit the orc sorcerer but do no damage.
You hit the stone giant but do no damage.
You completely miss the ogre. The gnoll hits you but does no damage.
You block the gnoll's attack. The gnoll misses you.
The orc sorcerer wildly gestures.
The orc sorcerer's hands start to glow.
The orc sorcerer points at you and mumbles some strange words.
You resist with almost no effort. You block the red devil's attack.
The gnoll sergeant closely misses you.
The ogre hits you with a cursed -1 giant club.
The stone giant hits you!
* * * LOW HITPOINT WARNING * * *
The gnoll misses you.
You feel much better.
The red devil disappears in a puff of smoke!
The gnoll misses you. The gnoll hits you but does no damage.
You block the gnoll's attack.
The orc sorcerer mumbles some strange words.
The gnoll sergeant closely misses you. You block the stone giant's attack.
The ogre hits you with a cursed -1 giant club.
You fail to use your ability.
You block the gnoll's attack. x3
The gnoll hits you but does no damage.
The orc sorcerer hits you with a +0 dagger.
The stone giant barely misses you.
The gnoll sergeant hits you from afar with a cursed +0 trident.
You fail to use your ability.
The gnoll hits you but does no damage. You block the ogre's attack.
You block the gnoll's attack.
The gnoll hits you from afar with a +0 spear.
The gnoll hits you from afar with a +0 spear!
The orc sorcerer hits you but does no damage.
The stone giant hits you but does no damage.
The orange demon stings you from afar!
The gnoll sergeant hits you from afar with a cursed +0 trident.
You feel much better.
The gnoll hits you from afar with a +0 spear.
The gnoll barely misses you. You block the gnoll's attack.
You block the orc sorcerer's attack. The gnoll closely misses you.
The ogre closely misses you. The stone giant hits you!!!
* * * LOW HITPOINT WARNING * * *
You block the orange demon's attack.
You hear a shout!
You feel much better. You block the gnoll's attack.
You block the gnoll sergeant's attack. The gnoll barely misses you.
You block the gnoll's attack.
The orc sorcerer hits you but does no damage.
The gnoll misses you. The stone giant hits you.
The ogre hits you with a cursed -1 giant club!!
* * * LOW HITPOINT WARNING * * *
The orange demon stings you but does no damage.
You fail to use your ability.
The gnoll hits you from afar with a +0 spear!
* * * LOW HITPOINT WARNING * * *
The gnoll sergeant hits you but does no damage.
You block the gnoll's attack. x2
The orc sorcerer hits you but does no damage.
The stone giant misses you. The gnoll barely misses you.
The orange demon stings you from afar!
* * * LOW HITPOINT WARNING * * *
You are poisoned.
The orange demon poisons you!
You fail to use your ability.
* * * LOW HITPOINT WARNING * * *
You feel very sick. You block the gnoll's attack.
An orc wizard comes into view. It is wielding a +0 dagger.
The ogre hits you with a cursed -1 giant club.
You die...

, .............##......##
,,,........................
, ,
.................#...... ,
................##....#. ,
,, ......................#
, ,
.......g................ ,,
,.....gggg............... ,
*...#.gC.).........#..#.. ,
*.....4o@O(.............. ,
,*#......)...............,
..........................
*
......................#..#
,
..........................,
,,
..........................,
#....................... ,
*,,,
.#................o.....
,....o.g........., , ,


You could see a stone giant, an orange demon (summoned), an orc sorcerer, an
ogre, a gnoll sergeant, an orc wizard and 5 gnolls.

Vanquished Creatures
  Harold (D:10)
  Erica (D:8)
  An orc high priest (Orc:2)
  An orc knight (Orc:1)
  An orc sorcerer (D:12)
  A centaur zombie (D:10)
  2 trolls
  A hippogriff (D:9)
  A wraith (D:10)
  A redback (shapeshifter) (D:10)
  7 yaks (D:10)
  2 wargs (Orc:2)
  A water moccasin (D:7)
  2 porcupines (D:10)
  3 ice beasts
  11 orc warriors
  2 sky beasts
  5 black bears
  A phantom (D:10)
  2 centaurs
  4 ogres
  A crocodile (D:10)
  2 big kobolds
  6 bullfrogs
  A gnoll sergeant (D:8)
  4 scorpions
  3 killer bees (D:10)
  2 wights (D:9)
  5 howler monkeys (D:11)
  4 hounds
  A gnoll shaman (Orc:2)
  3 orc priests
  2 jellies (D:10)
  4 orc wizards
  5 worker ants
  A hound skeleton (D:9)
  5 gnolls
  4 adders
  2 white imps
  3 ufetubi
  An adder zombie (D:9)
  An adder skeleton (D:8)
  37 orcs
  A giant cockroach (D:6)
  4 quokkas
  9 kobolds
162 creatures vanquished.

Vanquished Creatures (others)
  A troll (Orc:2)
  2 gnolls
  An orc (D:12)
  31 fungi (D:10)
  28 plants (D:10)
63 creatures vanquished.

Grand Total: 225 creatures vanquished

Notes
Turn   | Place    | Note
-------+----------+-------------------------------------------
     0 | D:5      | EnegeticOcto the Deep Dwarf Delver began the quest for the
                  | Orb.
     0 | D:5      | Reached XP level 1. HP: 20/20 MP: 1/1
     2 | D:5      | Found a staircase to the Ecumenical Temple.
     8 | Temple   | Entered the Ecumenical Temple
    66 | Temple   | Became a worshipper of Ru the Awakened
   100 | D:5      | Noticed a black bear
   104 | D:5      | Killed a black bear
   104 | D:5      | Reached skill level 5 in Axes
   104 | D:5      | Reached XP level 2. HP: 27/27 MP: 2/2
   104 | D:5      | Reached XP level 3. HP: 33/33 MP: 3/3
   104 | D:5      | Reached XP level 4. HP: 40/40 MP: 4/4
   110 | D:5      | Noticed an ice beast
   138 | D:5      | Killed an ice beast
   138 | D:5      | Reached skill level 6 in Axes
   138 | D:5      | Reached XP level 5. HP: 40/46 MP: 5/5
   435 | D:7      | Noticed a water moccasin
   473 | D:7      | Killed a water moccasin
   473 | D:7      | Reached skill level 7 in Axes
   473 | D:7      | Reached XP level 6. HP: 50/55 MP: 5/5
   508 | D:7      | Reached skill level 1 in Evocations
   631 | D:7      | Noticed a sky beast
   639 | D:7      | Killed a sky beast
   639 | D:7      | Reached skill level 8 in Axes
   639 | D:7      | Reached skill level 1 in Spellcasting
   639 | D:7      | Reached XP level 7. HP: 34/61 MP: 7/7
   698 | D:8      | Gained mutation: You cannot drink potions while threatened.
                  | [Ru sacrifice]
   698 | D:8      | Reached * piety under Ru
   739 | D:8      | Reached skill level 1 in Shields
   876 | D:8      | Reached XP level 8. HP: 35/69 MP: 8/8
   911 | D:8      | Reached skill level 9 in Axes
   952 | D:8      | Got a bronze ring mail
   962 | D:8      | Identified the +3 ring mail of Syndicalism {+Inv Regen+}
                  | (You found it on level 8 of the Dungeon)
   995 | D:8      | Noticed Erica
   996 | D:8      | Noticed an obsidian statue
  1019 | D:8      | Killed Erica
  1019 | D:8      | Reached skill level 10 in Axes
  1032 | D:8      | Noticed an ice devil
  1113 | D:9      | Gained mutation: You passively map the area around you.
                  | [Deep Dwarf growth]
  1113 | D:9      | Reached XP level 9. HP: 59/79 MP: 9/9
  1243 | D:9      | Found Cheibriados's Comfort Zone.
  1246 | D:9      | Found a snail-covered altar of Cheibriados.
  1364 | D:10     | Entered Level 10 of the Dungeon
  1372 | D:10     | Reached skill level 5 in Fighting
  1441 | D:10     | Reached skill level 11 in Axes
  1441 | D:10     | Reached skill level 5 in Shields
  1454 | D:9      | Noticed a troll
  1473 | D:9      | Killed a troll
  1644 | D:10     | Reached XP level 10. HP: 56/91 MP: 9/9
  1698 | D:10     | Gained mutation: You cannot train Dodging skill. [Ru
                  | sacrifice]
  1698 | D:10     | Reached ** piety under Ru
  1704 | D:10     | Reached skill level 12 in Axes
  1713 | D:10     | Noticed Harold
  1748 | D:10     | Killed Harold
  1839 | D:10     | Reached skill level 13 in Axes
  2033 | D:12     | Found a staircase to the Orcish Mines.
  2042 | Orc:1    | Entered Level 1 of the Orcish Mines
  2042 | Orc:1    | Noticed an orc sorcerer
  2044 | Orc:1    | Noticed a soul eater
  2052 | D:12     | Killed an orc sorcerer
  2058 | Orc:1    | Noticed an orc knight
  2069 | Orc:1    | Reached XP level 11. HP: 52/97 MP: 7/10
  2107 | Orc:1    | Killed an orc knight
  2107 | Orc:1    | Reached skill level 5 in Spellcasting
  2155 | Orc:2    | Entered Level 2 of the Orcish Mines
  2158 | Orc:2    | Found Gupolis's Magic Scroll Shoppe.
  2178 | Orc:2    | Noticed an orc high priest
  2199 | Orc:2    | Noticed a sun demon
  2223 | Orc:2    | Noticed an orc sorcerer
  2224 | Orc:2    | Noticed a stone giant
  2232 | Orc:2    | Reached skill level 14 in Axes
  2234 | Orc:2    | Killed an orc high priest
  2241 | Orc:2    | HP: 4/97 [poisoned by an orange demon]
  2241 | Orc:2    | Slain by an ogre

Illustrated notes

Levels and vault maps discovered:
D:4:      gammafunk_cloud_chamber, layout_gridville
D:5:      layout_loops_cross, temple_statues
D:6:      layout_gridville, kennysheep_mini_moat
D:7:      layout_rooms, kennysheep_generic_room_6, uniq_joseph
D:8:      minmay_statue_hallways, layout_basic, uniq_erica, uniq_grum
D:9:      layout_basic, minmay_shop_chei
D:10:     layout_irregular_city, due_lair_maze_entry_diamond,
          minmay_tree_intersection, uniq_fannar, uniq_harold
D:11:     cheibrodos_wizards_tower, layout_loops_cross,
          ebering_ghost_funeral_grove, grunt_livestock
D:12:     layout_irregular_city, hiddenorc1_lemuel,
          gammafunk_ghost_berserking_beasts, serial_shops, shop
Temple:   compressed_dpeg_triangle_lava_temple
Orc:1:    layout_caves, basic_altar, uniq_urug
Orc:2:    grunt_orc_cross, layout_caves, serial_shops, shop

Skill      XL: |  1  2  3  4  5  6  7  8  9 10 11 |
---------------+----------------------------------+-----
Axes           | 5 6 7 8 10 11 13 14 | 14.1
Evocations     | 2 3 |  3.0
Spellcasting   | 1 2 3 4 5 |  5.0
Fighting       | 3 4 5 6 |  6.0
Shields        | 2 4 6 7 8 |  8.6
Dodging        | 0 |  0.0
Stealth        | |  6.0

Action                   |  1- 3 |  4- 6 |  7- 9 | 10-12 || total
-------------------------+-------+-------+-------+-------++-------
Melee: Hand axe          |       |   118 |    28 |       ||   146
       Flail             |       |     1 |       |       ||     1
       War axe           |       |       |   245 |   217 ||   462
Throw: Throwing net      |       |       |       |     2 ||     2
Invok: Sacrifice Drink   |       |       |     1 |       ||     1
       Sacrifice Nimblen |       |       |       |     1 ||     1
 Abil: Heal Wounds       |       |    10 |    13 |    28 ||    51
       Evoke Invisibilit |       |       |     1 |     5 ||     6
Evoke: Wand              |     2 |     2 |     8 |     1 ||    13
  Use: Scroll            |       |       |     8 |     3 ||    11
 Stab: Sleeping          |       |     2 |     2 |     2 ||     6
       Paralysed         |       |     5 |     5 |     2 ||    12
       Distracted        |       |       |     1 |       ||     1
       Invisible         |       |       |     9 |    42 ||    51
       Held in net/web   |       |       |       |     3 ||     3
Armor: Leather armour    |       |    31 |    19 |       ||    50
       Ring mail         |       |       |    66 |    90 ||   156
Dodge: Dodged            |       |    85 |   122 |   166 ||   373
Block: Tower shield      |       |       |   196 |       ||   196
       Kite shield       |       |       |    24 |   188 ||   212

Table legend: (Time is in decaauts)
 A = Elapsed time spent in this place.
 B = Non-inter-level travel time spent in this place.
 C = Inter-level travel time spent in this place.
 D = Time resting spent in this place.
 E = Time spent auto-exploring this place.
 F = Levels seen in this place.
 G = Mean time per level.
                   A        B        C        D        E       F      G
               +--------+--------+--------+--------+--------+-----+--------+
         Total |   2255 |   2188 |     67 |      0 |      0 |  12 |  187.9 |
       Dungeon |   2009 |   1954 |     55 |      0 |      0 |   9 |  223.2 |
        Temple |     71 |     59 |     12 |      0 |      0 |   1 |   71.0 |
  Orcish Mines |    174 |    174 |      0 |      0 |      0 |   2 |   87.0 |
               +--------+--------+--------+--------+--------+-----+--------+

Top non-repeatable levels by time:
    D:10: 473 daAuts
     D:8: 415 daAuts
     D:9: 387 daAuts
     D:7: 248 daAuts
     D:6: 227 daAuts
     D:5: 160 daAuts
   Orc:1: 94 daAuts
   Orc:2: 79 daAuts
  Temple: 71 daAuts
    D:12: 66 daAuts
    D:11: 23 daAuts
     D:4: 6 daAuts
